AoeStats
← RiD[D]iCK

Socotra

504485109Analyzed
2v2 RM · 27d ago on Sep 5, 2026· 29m 3s· 4 players
Game mode
Random Map
Map size
Tiny (2 player)
Population
200
Speed
Normal
Resources
Standard
Victory
Conquest
Starting age
Dark Age
Ending age
Imperial Age
RankedLock teamsTeams togetherTeam positionsShared explorationLock speedFull tech treeHidden civsTurbo modeCheats
Victory
Defeat
🇬🇧 Aztecs · United Kingdom
796
+16
🇫🇷 Burgundians · France
779
+16
🇷🇺 Poles · Russia
788
-16
🇷🇺 Hindustanis · Russia
787
-16
theLamb42
1:33 Loom
12:24 Feudal Age
19:13 Castle Age
19:25 Pikeman
23:48 Double-Bit Axe
25:01 Squires
27:42 Murder Holes
28:08 Ballistics
Xswan8
11:16 Feudal Age
10:18 Double-Bit Axe
14:42 Horse Collar
19:43 Forging
19:34 Scale Mail Armor
24:18 Castle Age
22:11 Stone Mining
22:13 Gold Mining
23:25 Wheelbarrow
26:26 Husbandry
RiD[D]iCK
11:51 Feudal Age
13:43 Wheelbarrow
15:09 Double-Bit Axe
16:25 Man-at-Arms
21:58 Forging
23:17 Scale Mail Armor
23:24 Scale Barding Armor
23:48 Horse Collar
29:09 Castle Age
TheMasterChief
11:06 Feudal Age
11:38 Double-Bit Axe
12:13 Horse Collar
13:27 Forging
15:02 Bloodlines
16:23 Scale Barding Armor
24:25 Castle Age
24:31 Light Cavalry
26:13 Iron Casting
Connection lost

Rejoining the realm…

Still unreachable

The connection could not be restored.

Session expired

The server has moved on; the page needs a fresh start.